 Seeded DCSS version 0.32-a0-909-gc671339a80 (webtiles) character file.

Game seed: 17073724502869601980 (custom seed)

198890 timneilson the Unseen (level 18, -1/122 HPs)
             Began as an Octopode Shapeshifter on Apr 6, 2024.
             Was an Initiate of Gozag.
             Slain by an alligator (8 damage)
             ... on level 1 of the Swamp.
             The game lasted 01:44:59 (34708 turns).

timneilson the Unseen (Octopode Shapeshifter)      Turns: 34708, Time: 01:45:00

Health: -1/122     AC:  4    Str: 23    XL:     18   Next: 45%
Magic:  25/26      EV: 27    Int: 18    God:    Gozag
Gold:   1129       SH: 13    Dex: 18    Spells: 19/28 levels left

rFire   + .          .
                       - Unarmed
rCold   + . .        o - +1 buckler {rPois}
rNeg    + + .        c - +3 crown of Dyrovepreva {rElec Int+2 SInv}
rPois   +            D - amulet of Ephemeral Luck {Reflect rPois rF- rN++ Dex+3 Slay+3 SH+5}
rElec   +            W - ring "Mekuten" {Will+ Str+3}
rCorr   +            n - ring of resist corrosion
SInv    +            P - +5 ring of evasion
Will    ++...        V - ring of protection from fire
Stlth   +++++++      i - +4 ring of slaying
HPRegen 0.40/turn    K - ring of protection from cold
MPRegen 0.20/turn    L - ring of protection from fire
                     m - ring of wizardry

%: reflection, wizardry (x1)
@: maw-form, silenced, gold aura, studying 2 skills
A: devouring maw, almost no armour, amphibious, 8 rings, camouflage 1,
gelatinous body 1, (nimble swimmer 1), tentacles
}: 1/15 runes: gossamer
a: Begin Untransformation, Renounce Religion


You were on level 1 of the Swamp.
You worshipped Gozag.
Gozag was most pleased with you.
You were a creature with a mouth for a stomach.
You visited 7 branches of the dungeon, and saw 29 of its levels.
You also visited: Volcano.

You collected 9799 gold pieces.
You spent 5423 gold pieces at shops.
You paid 3247 gold pieces to Gozag.

Inventory:

Missiles
 x - 43 poisoned darts (quivered)
 F - 7 throwing nets
 G - 7 curare-tipped darts
Armour
 c - the +3 crown of Dyrovepreva (worn) {rElec Int+2 SInv}
   (You bought it in a shop on level 2 of the Orcish Mines)

   Int+2:     It affects your intelligence (+2).
   rElec:     It insulates you from electricity.
   SInv:      It lets you see invisible.
 o - a +1 buckler of poison resistance (worn)
 E - a +0 kite shield of reflection
Jewellery
 i - a +4 ring of slaying (on tentacle)
 m - a ring of wizardry (on tentacle)
 n - a ring of resist corrosion (right tentacle)
 D - the amulet of Ephemeral Luck (around mantle) {Reflect rPois rF- rN++ Dex+3 Slay+3 SH+5}
   (You bought it in a shop on level 8 of the Dungeon)

   [amulet of reflection]

   Reflect:   It reflects blocked missile attacks.
   Dex+3:     It affects your dexterity (+3).
   Slay+3:    It affects your accuracy & damage with ranged weapons and melee
   (+3).
   rF-:       It makes you vulnerable to fire.
   rPois:     It protects you from poison.
   rN++:      It greatly protects you from negative energy.
   SH+5:      It affects your SH (+5).
 K - a ring of protection from cold (on tentacle)
 L - a ring of protection from fire (on tentacle)
 N - a +4 ring of protection
 P - a +5 ring of evasion (on tentacle)
 V - a ring of protection from fire (on tentacle)
 W - the ring "Mekuten" (left tentacle) {Will+ Str+3}
   (You acquired it on level 13 of the Dungeon)

   [ring of willpower]

   Str+3:     It affects your strength (+3).
   Will+:     It increases your willpower.
Talismans
 g - a granite talisman
 r - a dragon-blood talisman
 U - the maw talisman of the Foremost Coins (active) {Int+3 Dex+3}
   (You found it on level 4 of the Lair of Beasts)

   [maw talisman]

   Int+3:     It affects your intelligence (+3).
   Dex+3:     It affects your dexterity (+3).
Wands
 l - a wand of roots (37)
 w - a wand of mindburst (21)
 z - a wand of flame (46)
 B - a wand of quicksilver (11)
 I - a wand of digging (7)
Scrolls
 d - 2 scrolls of enchant armour
 p - 3 scrolls of fear
 v - a scroll of immolation
 y - 2 scrolls of fog
 A - a scroll of enchant weapon
 C - 8 scrolls of teleportation
 M - 8 scrolls of poison
 Q - a scroll of revelation
 T - 5 scrolls of identify
Potions
 b - 8 potions of curing
 e - 3 potions of mutation
 f - a potion of haste
 h - 4 potions of might
 j - 2 potions of resistance
 k - 3 potions of berserk rage
 q - 7 potions of ambrosia
 s - a potion of invisibility
 t - 4 potions of attraction
 u - 4 potions of enlightenment
 H - 2 potions of heal wounds
 J - a potion of cancellation
Miscellaneous
 a - a box of beasts
 R - a lightning rod (4/4)


   Skills:
 + Level 10.3 Fighting
 * Level 15.1 Dodging
 + Level 16.8 Stealth
 + Level 10.0 Shields
 * Level 14.5 Unarmed Combat
 + Level 5.8 Spellcasting
 * Level 5.3 Hexes
 - Level 5.0 Translocations
 * Level 5.2 Air Magic
 + Level 10.8 Evocations
 * Level 13.5 Shapeshifting


You had 19 spell levels left.
You knew the following spells:

 Your Spells              Type           Power      Damage    Failure   Level
a - Blink                 Tloc           46%        N/A       1%          2
b - Lesser Beckoning      Tloc           46%        N/A       1%          2
c - Silence               Hex/Air        12%        N/A       17%         5

Your spell library contained the following spells:

 Spells                   Type           Power      Damage    Failure   Level
 Ensorcelled Hibernation  Hex/Ice        28%        N/A       2%          2
 Mercury Vapours          Alch/Air       28%        N/A       3%          2
 Momentum Strike          Conj/Tloc      28%        3d8       3%          2
 Cigotuvi's Dreadful Rot  Necr/Alch/Air  22%        N/A       4%          2
 Sting                    Conj/Alch      20%        1d4       6%          1
 Volatile Blastmotes      Fire/Tloc      28%        2d12      6%          3
 Cause Fear               Hex            12%        N/A       6%          4
 Summon Ice Beast         Ice/Summ       5%         N/A       16%         3
 Anguish                  Hex/Necr       7%         N/A       19%         4
 Iskenderun's Mystic Bla Conj/Tloc 14%            2d5        (+2d2     21%         4
 Dispel Undead            Necr           5%         3d7       45%         4
 Fulminant Prism          Conj/Alch      2%         3d5       45%         4
 Martyr's Knell           Necr/Summ      5%         N/A       45%         4
 Olgreb's Toxic Radiance  Alch           5%         N/A       45%         4
 Summon Blazeheart Golem  Fire/Summ      5%         N/A       45%         4
 Summon Mana Viper        Hex/Summ       14%        N/A       45%         5
 Conjure Ball Lightning   Conj/Air       7%         3x3d6     95%         6
 Enfeeble                 Hex            12%        N/A       99%         7
 Monstrous Menagerie      Summ           2%         N/A       100%        7
 Orb of Destruction       Conj           2%         9d5       100%        7
 Spellforged Servitor     Conj/Summ      2%         N/A       100%        7
 Discord                  Hex            12%        N/A       100%        8
 Disjunction              Tloc           11%        N/A       100%        8


Dungeon Overview and Level Annotations

Branches:
Dungeon (15/15)            Temple (1/1) D:5            Lair (5/5) D:9
  Swamp (1/4) Lair:3       Spider (4/4) Lair:2        Slime (1/5) Lair:5
    Orc (2/2) D:12            Elf (0/3) Orc:2        Vaults (0/5) D:14
 Depths (0/4) D:15        Volcano (visited)

Altars:
Ashenzari
Cheibriados
Dithmenos
Elyvilon
Fedhas
Gozag
Hepliaklqana
Kikubaaqudgha
Makhleb
Nemelex Xobeh
Okawaru
Qazlal
Ru
Sif Muna
Trog
Uskayaw
Vehumet
Wu Jian
Xom
Yredelemnul
Zin
The Shining One
Jiyva

Shops:
D:8 =   D:12 !?=   Orc:2 *[*[   Lair:2 :

Portals:
Hell: Lair:5


Innate Abilities, Weirdness & Mutations

You are a creature with a mouth for a stomach.
Your midsection houses a second, enormous mouth.
You cannot wear most types of armour.
You are amphibious.
You can wear up to eight rings at the same time.
Your skin changes colour to match your surroundings (Stealth+).
Your rubbery body absorbs attacks. (AC +1, EV +1)
((You are camouflaged when in or above water. (Stealth+)))
You have tentacles for arms and can constrict up to eight enemies at once.


Message History

Unknown command.
You tentacle-slap Louise but do no damage.
Louise blocks your attack.
Louise is heavily wounded.
You constrict Louise. The alligator tail-slaps you!
* * * LOW HITPOINT WARNING * * *
You block the alligator's attack.
You feel much better.
You constrict Louise.
Louise hits you with a +1 trident of distortion!
* * * LOW HITPOINT WARNING * * *
You block the alligator's attack. The alligator misses you.
You feel much better.
You constrict Louise! You block Louise's attack. The alligator tail-slaps you!
* * * LOW HITPOINT WARNING * * *
You block the alligator's attack. Louise blocks your attack.
Louise is heavily wounded.
You constrict Louise! Louise closely misses you. The alligator misses you.
You block the alligator's attack. Louise blocks your attack.
You squeeze Louise! Louise blocks your attack.
Louise is almost dead.
You constrict Louise. The alligator tail-slaps you.
* * * LOW HITPOINT WARNING * * *
The alligator closely misses you. You block Louise's attack.
You bludgeon Louise! You tentacle-slap Louise!
You kill Louise!
The alligator closely misses you. The alligator misses you.
You bludgeon the alligator! You squeeze the alligator. You bite the alligator!
The alligator is moderately wounded.
You block the alligator's attack. x2
You bludgeon the alligator! You bite the alligator!!
The alligator is almost dead.
You block the alligator's attack. The alligator bites you!!
* * * LOW HITPOINT WARNING * * *
The alligator drags you backwards!
You tentacle-slap the alligator.
The alligator is almost dead.
The alligator closely misses you. The alligator bites you!
You die...
Your body crumbles into a pile of gold.

♣...~.......♣♣ ♣♣.~~.~.
♣♣~♣~.§.~.~...♣♣♣~.~~.♣.
?.....~..~.....$......♣♣♣
~...♣..~~~..~...§.[♣♣♣~..
....~....~..~.......♣ ...
~~~...~.....~...$~.♣♣ ♣..
...~.~~~....~.~♣~♣♣♣ ..
..~~...~~.l.~..♣♣♣ ♣.
.~..~..~$W.~....♣
.......~.♣~~..~♣♣
~~.......~...♣♣♣
~♣.~.§~...~R~♣
♣♣~..~...§.~.♣
♣....~..~...~~♣
♣.~.~...~..~..♣♣
♣§..~.~.~.♣..♣♣
♣♣~.......♣~.~♣


You could see an eleionoma (asleep) and an alligator.

Vanquished Creatures
  Saint Roka (Orc:2)
  Bai Suzhen (Spider:4)
  Arachne (Spider:4)
  Jorgrun (Spider:2)
  A thorn hunter (Lair:3)
  Frances (Spider:2)
  Kirke (Lair:5)
  Donald (Spider:4)
  Aizul (Spider:2)
  6 ghost moths
  Louise (Swamp:1)
  3 emperor scorpions
  2 broodmothers (Spider:2)
  An eleionoma (Swamp:1)
  5 spark wasps
  Josephine (D:11)
  Fannar (D:11)
  2 entropy weavers
  3 alligators
  2 rakshasas (D:15)
  4 vault guards (D:14)
  10 hydras
  3 radroaches
  A ghost crab (Swamp:1)
  A catoblepas (Lair:2)
  2 centaur warriors
  9 two-headed ogres
  7 boulder beetles
  A tengu warrior (D:15)
  6 death yaks (Lair:5)
  Urug (Orc:1)
  An occultist (D:15)
  13 demonic crawlers
  A sun demon (Lair:5)
  3 orc high priests (Orc:2)
  3 skysharks (Lair:5)
  A fire crab (Lair:5)
  A skeletal warrior (D:9)
  2 deep elf archers (D:14)
  3 goliath frogs (Swamp:1)
  A bog body (Swamp:1)
  15 orb spiders
  6 pharaoh ants
  A swamp dragon (Swamp:1)
  2 arcanists
  An obsidian bat (Orc:2)
  7 orc knights
  2 sun moths
  6 steelbarb worms
  2 deep elf pyromancers (D:13)
  A necromancer (D:15)
  2 will-o-the-wisps (Swamp:1)
  15 ugly things
  8 orc sorcerers
  4 cyclopes
  15 meliai
  17 wolf spiders
  4 manticores
  5 moths of wrath
  Joseph (D:8)
  6 black mambas
  12 centaur zombies
  7 kobold blastminers
  2 centaur skeletons (D:15)
  A gargoyle (D:14)
  A smoke demon (Lair:5)
  6 torpor snails
  10 cane toads
  A kobold demonologist (D:10)
  5 ice devils (Lair:5)
  9 komodo dragons
  A yaktaur (D:14)
  5 rime drakes
  2 tengu conjurers (D:15)
  A hornet (D:10)
  2 trolls
  18 tarantellas
  2 polar bears
  8 blink frogs
  2 tyrant leeches
  22 jumping spiders
  21 dream sheep
  A centaur simulacrum (D:15)
  A meliai zombie (D:11)
  10 wraiths
  5 shadows (D:11)
  11 slime creatures
  7 wyverns
  17 culicivoras
  71 yaks
  A human (D:14)
  5 wargs
  4 vampires (D:11)
  3 steam dragons (D:9)
  30 redbacks
  A basilisk (Lair:3)
  20 vampire mosquitoes
  Grum (D:11)
  6 swamp worms
  2 acid dragons
  10 hell hounds
  14 water moccasins
  21 orc warriors
  A black bear (D:6)
  4 laughing skulls
  2 ogres
  5 centaurs
  20 wolves
  2 phantoms (D:5)
  2 kobold brigands
  3 scorpions
  12 bullfrogs
  3 gnoll sergeants
  8 wights
  8 killer bees
  9 howler monkeys
  2 electric eels
  23 orc priests
  4 hounds
  2 gnoll boudas
  2 sleepcaps
  3 iguanas
  A boggart zombie (D:11)
  22 orc wizards
  A boggart skeleton (D:15)
  24 gnolls
  11 adders
  A shadow imp (D:8)
  A white imp (D:7)
  2 ufetubi (D:6)
  3 ribbon worms (Lair:2)
  3 dart slugs
  70 orcs
  8 endoplasms
  8 giant cockroaches
  8 hobgoblins
  11 jackals
  4 quokkas
  3 ball pythons
  11 bats
  7 frilled lizards
  6 goblins
  22 kobolds
  5 rats
956 creatures vanquished.

Vanquished Creatures (others)
  A tarantella (Spider:2)
  A yak (Lair:2)
  A human (Lair:5)
  2 foxfires (Swamp:1)
5 creatures vanquished.

Grand Total: 961 creatures vanquished

Notes
Turn   | Place    | Note
-------+----------+-------------------------------------------
     0 | D:1      | timneilson the Octopode Shapeshifter began the quest for
                  | the Orb.
     0 | D:1      | Reached XP level 1. HP: 13/13 MP: 1/1
   125 | D:1      | Identified a scroll of acquirement
   125 | D:1      | Acquired the ring of Qiburup {Dex+3 SInv}
   203 | D:1      | Reached XP level 2. HP: 18/18 MP: 2/2
   670 | D:2      | Reached XP level 3. HP: 21/23 MP: 3/3
   808 | D:2      | Reached skill level 1 in Stealth
  1294 | D:2      | Reached XP level 4. HP: 28/28 MP: 4/4
  1666 | D:3      | Found a radiant altar of Vehumet.
  1808 | D:3      | Reached skill level 2 in Stealth
  2096 | D:3      | Found a faded altar of an unknown god.
  2109 | D:3      | Reached XP level 5. HP: 34/34 MP: 5/5
  2508 | D:4      | Acquired a +1 buckler of poison resistance
  3223 | D:4      | Reached skill level 1 in Evocations
  3223 | D:4      | Reached XP level 6. HP: 39/39 MP: 6/6
  3431 | D:5      | Entered Level 5 of the Dungeon
  3443 | D:5      | Found a staircase to the Ecumenical Temple.
  3451 | Temple   | Entered the Ecumenical Temple
  3470 | Temple   | Became a worshipper of Gozag Ym Sagoz the Greedy
  3589 | D:5      | Reached skill level 1 in Shields
  3654 | D:5      | Reached skill level 3 in Stealth
  3654 | D:5      | Reached XP level 7. HP: 9/45 MP: 7/7
  4146 | D:5      | Reached skill level 5 in Unarmed Combat
  4146 | D:5      | Reached XP level 8. HP: 33/51 MP: 8/8
  4802 | D:6      | Reached skill level 4 in Stealth
  4953 | D:6      | Reached skill level 5 in Shapeshifting
  5156 | D:6      | Reached skill level 5 in Dodging
  5602 | D:7      | Found an iron altar of Okawaru.
  5634 | D:7      | Found a shimmering blue altar of Sif Muna.
  5997 | D:7      | Reached XP level 9. HP: 51/57 MP: 9/9
  6076 | D:7      | Found a broken altar of Ashenzari.
  6098 | D:7      | Reached skill level 5 in Stealth
  6369 | D:7      | HP: 2/58 [orc wizard/+0 dagger (4)]
  6799 | D:8      | Noticed Joseph
  6851 | D:8      | Found a bloodstained altar of Trog.
  6852 | D:8      | Found an ornate altar of the Wu Jian Council.
  6853 | D:8      | Found a stormy altar of Qazlal.
  6988 | D:8      | HP: 2/58 [yak (1)]
  6990 | D:8      | Reached skill level 6 in Stealth
  7396 | D:8      | Killed Joseph
  7397 | D:8      | Reached XP level 10. HP: 36/65 MP: 10/10
  7499 | D:8      | Identified the +5 long sword of Fear {distort, rC+}
  7734 | D:8      | Found Idowidgh's Jewellery Emporium.
  7742 | D:8      | Bought the amulet of Ephemeral Luck {Reflect rPois rF- rN++
                  | Dex+3 Slay+3 SH+5} for 826 gold pieces
  8088 | D:9      | Noticed a centaur warrior
  8094 | D:9      | Killed a centaur warrior
  8133 | D:9      | Noticed a two-headed ogre
  8317 | D:8      | Reached skill level 7 in Stealth
  8441 | D:9      | Reached skill level 5 in Evocations
  8454 | D:9      | Found a staircase to the Lair.
  8785 | D:9      | Killed a two-headed ogre
  8786 | D:9      | Reached skill level 5 in Fighting
  8998 | D:9      | Noticed a two-headed ogre
  8998 | D:9      | Noticed a skeletal warrior
  9114 | D:9      | Reached XP level 11. HP: 65/71 MP: 11/11
  9159 | D:9      | Found a glowing silver altar of Zin.
  9348 | D:9      | Killed a skeletal warrior
  9371 | D:9      | Killed a two-headed ogre
  9517 | D:10     | Entered Level 10 of the Dungeon
  9744 | D:10     | Reached skill level 5 in Shields
 10181 | D:10     | Reached skill level 8 in Stealth
 10351 | D:11     | Noticed Grum
 10377 | D:11     | Killed Grum
 10577 | D:11     | Noticed a cyclops
 10590 | D:11     | Killed a cyclops
 10830 | D:11     | Noticed a two-headed ogre
 10842 | D:10     | Killed a two-headed ogre
 10949 | D:11     | Noticed a white ugly thing
 10951 | D:11     | Noticed a soul eater
 11050 | D:11     | Reached XP level 12. HP: 45/78 MP: 12/12
 11566 | D:11     | Reached skill level 9 in Stealth
 11910 | D:11     | Noticed a boulder beetle
 11929 | D:11     | Killed a boulder beetle
 11968 | D:11     | Noticed Josephine
 12187 | D:11     | Killed Josephine
 12317 | D:11     | Noticed Fannar
 12325 | D:11     | Killed Fannar
 12326 | D:11     | Reached skill level 10 in Unarmed Combat
 12513 | D:8      | Bought a ring of protection from cold for 325 gold pieces
 12513 | D:8      | Bought a ring of protection from fire for 325 gold pieces
 12786 | D:12     | Identified the scarf of Mischum {rC+ rF+, rN+ Str+4 Dex-2}
 12966 | D:12     | Found a hide-covered altar of Uskayaw.
 12984 | D:12     | Reached skill level 10 in Dodging
 12997 | D:12     | Noticed a boulder beetle
 13010 | D:12     | Killed a boulder beetle
 13011 | D:12     | Reached XP level 13. HP: 55/85 MP: 13/13
 13356 | D:12     | Reached skill level 10 in Stealth
 13786 | D:12     | Found a staircase to the Orcish Mines.
 14096 | Lair:1   | Entered Level 1 of the Lair of Beasts
 14490 | Lair:1   | Reached skill level 10 in Shapeshifting
 15030 | Lair:2   | Found a hole to the Spider Nest.
 16070 | Lair:3   | Reached XP level 14. HP: 93/93 MP: 14/14
 16542 | Lair:3   | Reached skill level 11 in Stealth
 16778 | Lair:3   | Found a staircase to the Swamp.
 17110 | Lair:4   | Identified the maw talisman of the Foremost Coins {Int+3
                  | Dex+3}
 17151 | Lair:4   | Identified the scarf of Violets {rC+ rF+, Str+4 Stlth+}
 17316 | Lair:4   | Acquired a manual of Stealth
 17551 | Lair:4   | Learned a level 2 spell: Blink
 17554 | Lair:4   | Learned a level 2 spell: Lesser Beckoning
 17906 | Lair:5   | Entered Level 5 of the Lair of Beasts
 18236 | Lair:5   | Reached skill level 1 in Translocations
 18261 | Lair:5   | Reached skill level 1 in Spellcasting
 18348 | Lair:5   | Reached skill level 12 in Stealth
 18502 | Lair:5   | Found a viscous altar of Jiyva.
 18502 | Lair:5   | Found a staircase to the Slime Pits.
 18945 | Lair:5   | Noticed Kirke
 18960 | Lair:5   | Killed Kirke
 19179 | Lair:5   | Reached XP level 15. HP: 82/100 MP: 18/18
 19474 | Lair:5   | Reached skill level 13 in Stealth
 20074 | D:8      | Bought a ring of protection from fire for 325 gold pieces
 20293 | Lair:5   | Found a burning altar of Makhleb.
 20497 | Lair:5   | Found a gateway to Hell.
 20800 | Orc:1    | Entered Level 1 of the Orcish Mines
 20813 | Orc:1    | Found a dark tunnel.
 20825 | Volcano  | Entered a volcano
 21675 | Orc:2    | Entered Level 2 of the Orcish Mines
 21677 | Orc:2    | Noticed Urug
 21700 | Orc:1    | Killed Urug
 22041 | Orc:2    | Found a staircase to the Elven Halls.
 22392 | D:12     | Bought a scroll of teleportation for 48 gold pieces
 22392 | D:12     | Bought a scroll of fear for 64 gold pieces
 22392 | D:12     | Bought a scroll of fog for 64 gold pieces
 22392 | D:12     | Bought a scroll of teleportation for 48 gold pieces
 22422 | Orc:2    | Noticed Saint Roka
 22580 | Orc:2    | Killed Saint Roka
 23007 | Orc:2    | Found Beberr's Antique Armour Shoppe.
 23138 | Orc:2    | Found Vyitsich's Assorted Antiques.
 23145 | Orc:2    | Found Qiefism's Armour Shop.
 23147 | Orc:2    | Found Zaraefiat's Assorted Antiques.
 23153 | Orc:2    | Reached skill level 14 in Stealth
 23193 | Orc:2    | Bought the +3 crown of Dyrovepreva {rElec Int+2 SInv} for
                  | 538 gold pieces
 23193 | Orc:2    | Found the +3 crown of Dyrovepreva {rElec Int+2 SInv}
 23195 | Orc:2    | Bought a potion of curing for 66 gold pieces
 23416 | D:12     | Bought a potion of heal wounds for 90 gold pieces
 23416 | D:12     | Bought a potion of might for 72 gold pieces
 23416 | D:12     | Bought a potion of curing for 54 gold pieces
 23416 | D:12     | Bought a potion of resistance for 180 gold pieces
 23416 | D:12     | Bought 2 potions of curing for 108 gold pieces
 23416 | D:12     | Bought a potion of heal wounds for 90 gold pieces
 23775 | D:13     | Acquired the ring "Mekuten" {Will+ Str+3}
 23826 | D:13     | Reached XP level 16. HP: 108/108 MP: 21/21
 24018 | D:14     | Found a radiant altar of Vehumet.
 25283 | D:14     | Found a gate to the Vaults.
 25505 | D:15     | Entered Level 15 of the Dungeon
 26593 | D:15     | Reached skill level 15 in Stealth
 26598 | D:15     | Found a staircase to the Depths.
 27136 | Slime:1  | Entered Level 1 of the Pits of Slime
 27136 | Slime:1  | Noticed a rockslime
 27239 | Swamp:1  | Entered Level 1 of the Swamp
 27239 | Swamp:1  | Noticed a thorn hunter
 27304 | Lair:3   | Killed a thorn hunter
 27503 | Swamp:1  | Identified the +1 ring mail "Kiyq" {rF+ rN+ Str+2}
 27549 | Swamp:1  | Reached skill level 10 in Evocations
 27563 | Swamp:1  | Noticed Louise
 27749 | Swamp:1  | Noticed a fenstrider witch
 27883 | Spider:1 | Entered Level 1 of the Spider Nest
 28275 | Lair:2   | Bought the Precepts of Fate for 600 gold pieces
 28281 | Lair:2   | Learned a level 5 spell: Silence
 28384 | Spider:1 | Reached skill level 5 in Translocations
 28492 | Spider:1 | Reached skill level 1 in Air Magic
 28614 | Spider:1 | Reached skill level 1 in Hexes
 28614 | Spider:1 | Reached XP level 17. HP: 88/114 MP: 24/24
 28696 | Spider:1 | Reached skill level 5 in Spellcasting
 28899 | Spider:2 | Noticed Frances
 29431 | Spider:2 | Noticed Jorgrun
 29493 | Spider:2 | Killed Jorgrun
 29663 | Spider:2 | Killed Frances
 30265 | Spider:3 | Reached skill level 10 in Fighting
 30291 | Spider:3 | Reached skill level 16 in Stealth
 30428 | Lair:2   | Bought a manual of Dodging for 1600 gold pieces
 31018 | Spider:3 | Identified the orb "Zocs" {guile, rF+}
 31255 | Spider:3 | Identified the serpent talisman of Ruexakk {Will+ Str+2}
 31255 | Spider:3 | Noticed Aizul
 31321 | Spider:3 | HP: 4/115 [meliai/divine providence (13)]
 31370 | Spider:2 | Killed Aizul
 31824 | Spider:4 | Entered Level 4 of the Spider Nest
 31830 | Spider:4 | Noticed Bai Suzhen
 32126 | Spider:4 | Noticed Arachne
 32146 | Spider:4 | Killed Arachne
 32167 | Spider:4 | Noticed Donald
 32248 | Spider:4 | Killed Donald
 32788 | Spider:4 | Reached XP level 18. HP: 120/120 MP: 26/26
 33400 | Spider:4 | Killed Bai Suzhen
 33401 | Spider:4 | Reached skill level 10 in Shields
 33920 | Spider:4 | HP: 5/122 [demonic crawler (14)]
 33926 | Spider:4 | Reached skill level 5 in Hexes
 34149 | Spider:4 | Reached skill level 5 in Air Magic
 34182 | Spider:4 | Reached skill level 15 in Dodging
 34469 | Spider:4 | Got a gossamer rune of Zot
 34705 | Swamp:1  | Killed Louise
 34708 | Swamp:1  | Slain by an alligator

Illustrated notes

Levels and vault maps discovered:
D:1:      lightli_arrival_windingriver, layout_loops_ring
D:2:      layout_basic, dk_noncrumbling_3
D:3:      layout_loops_corners, mainiacjoe_overflow_boulevard,
          shapermc_ecumenical_altar_gd, minmay_misc_feat_alley, st_stairs_8
D:4:      layout_gridville, lemuel_flame_loot_1
D:5:      layout_basic, minmay_temple_entry_stoned_glass
D:6:      layout_basic, grunt_decor_mini_mirrors
D:7:      layout_loops_cross, mainiacjoe_overflow_six_doors_small,
          lemuel_round_altar, lemuel_blue_sif_altar
D:8:      layout_cave_pools, gammafunk_temple_overflow_claw, serial_shops, shop,
          hangedman_abyss_or_decor_passed, fungi_pond_lemuel, uniq_joseph
D:9:      layout_basic, dpeg_oklobed_lair, minmay_ruined_shrine
D:10:     layout_loops_corners
D:11:     layout_long_grid, serial_undead, serial_undead_d, serial_undead_d,
          serial_undead_d, serial_undead_f, serial_undead_e, serial_undead_f,
          serial_undead_f, uniq_josephine, uniq_grum, uniq_fannar
D:12:     layout_irregular_city, orc_0_dummy, eat_drink_and_be_merry_uskayaw
D:13:     layout_long_grid
D:14:     layout_stronghold, grunt_vaults_entry_fortified, vehumet_crystals
D:15:     grunt_enter_depths_magical_seal, layout_stronghold, glass_columns_a
Temple:   nicolae_temple_superstar
Lair:1:   layout_cave_shapes, lemuel_fruit_tree
Lair:2:   layout_misc_corridors, nicolae_spider_entry_non_spiders, minmay_holes
Lair:3:   layout_roguey, palyth_hydra_swamp_entry
Lair:4:   layout_long_grid
Lair:5:   evil_forest, layout_cave_pods, slime_entry_1, uniq_kirke
Swamp:1:  layout_basic_swamp, nicolae_swamp_treefoil, nicolae_swamp_spooky_pond,
          infiniplex_staircase_pool, uniq_louise
Spider:1: layout_spider_delve
Spider:2: layout_spider_delve, hangedman_spider_tarantella_strand, uniq_frances,
          uniq_jorgrun
Spider:3: layout_spider_delve, uniq_aizul
Spider:4: guppyfry_spider_rune, uniq_arachne, uniq_donald, uniq_bai_suzhen
Slime:1:  layout_caves, nicolae_slime_barrier
Orc:1:    layout_caves, enter_volcano_3
Orc:2:    st_orc_elflike, layout_caves, uniq_saint_roka, uniq_urug

Skill      XL: |  1  2  3  4  5  6  7  8  9 10 11 12 13 14 15 16 17 18 |
---------------+-------------------------------------------------------+-----
Stealth        | 1 2 3 4 6 7 8 9 10 12 14 15 16 | 16.8
Dodging        | 3 4 5 6 7 8 10 11 12 13 14 15 | 15.1
Unarmed Combat | 4 5 7 8 9 10 11 12 13 14 | 14.5
Evocations     | 1 2 3 4 5 6 7 8 9 10 | 10.8
Fighting       | 2 3 4 5 6 7 8 9 10 | 10.3
Shapeshifting  | 4 5 6 7 8 9 10 11 12 13 | 13.5
Shields        | 1 2 3 4 5 6 7 8 9 10 | 10.0
Translocations | 2 3 5 |  5.0
Spellcasting   | 2 3 4 5 |  5.8
Air Magic      | 1 4 5 |  5.2
Hexes          | 1 4 5 |  5.3

Action                     |  1- 3 |  4- 6 |  7- 9 | 10-12 | 13-15 | 16-18 || total
---------------------------+-------+-------+-------+-------+-------+-------++-------
  Melee: Unarmed           |    65 |   113 |   229 |   460 |   816 |   681 ||  2364
         Constrict         |    20 |    42 |    51 |    73 |   155 |   162 ||   503
         Tentacles         |    11 |    21 |    65 |   150 |   287 |   241 ||   775
         Punch             |     2 |     2 |    14 |    11 |    53 |   105 ||   187
         Maw               |       |       |       |       |   203 |   314 ||   517
  Throw: Dart              |       |       |       |     7 |     6 |       ||    13
   Cast: Silence           |       |       |       |       |       |     1 ||     1
 Invoke: Call Merchant     |       |       |       |       |     3 |     1 ||     4
  Evoke: Wand              |       |       |       |     1 |     4 |     2 ||     7
         Lightning rod     |       |       |       |       |     4 |       ||     4
    Use: Scroll            |     3 |     6 |     7 |     7 |     8 |     5 ||    36
         Potion            |       |     3 |     4 |       |     2 |    12 ||    21
   Stab: Sleeping          |     9 |    12 |     7 |     4 |    28 |    45 ||   105
         Distracted        |     1 |     1 |     2 |     3 |     8 |    12 ||    27
         Petrified         |       |       |       |       |     3 |       ||     3
         Petrifying        |       |       |       |       |     1 |       ||     1
 Armour: Skin              |    18 |    42 |    83 |   207 |   184 |   232 ||   766
  Dodge: Dodged            |    32 |    45 |    93 |   366 |   515 |   438 ||  1489
  Block: Buckler           |       |     9 |    51 |    51 |   197 |   378 ||   686
         Reflection        |       |       |       |     2 |    10 |    20 ||    32
         Other             |       |       |       |    68 |    50 |       ||   118
   Form: Flux              |       |       |       |     1 |       |       ||     1
         Maw               |       |       |       |       |     1 |       ||     1

Table legend: (Time is in decaauts)
 A = Elapsed time spent in this place.
 B = Non-inter-level travel time spent in this place.
 C = Inter-level travel time spent in this place.
 D = Time resting spent in this place.
 E = Time spent auto-exploring this place.
 F = Levels seen in this place.
 G = Mean time per level.
                   A        B        C        D        E       F      G
               +--------+--------+--------+--------+--------+-----+--------+
         Total |  34334 |  31754 |   2580 |   7309 |  13673 |  30 | 1144.5 |
       Dungeon |  17769 |  16544 |   1225 |   2846 |   8713 |  15 | 1184.6 |
        Temple |     38 |     20 |     18 |      0 |      0 |   1 |   38.0 |
          Lair |   7234 |   6378 |    856 |   1174 |   3393 |   5 | 1446.8 |
         Swamp |    397 |    371 |     26 |      0 |     83 |   1 |  397.0 |
   Spider Nest |   6343 |   5946 |    397 |   2642 |    777 |   4 | 1585.8 |
    Slime Pits |      1 |      1 |      0 |      0 |      0 |   1 |    1.0 |
  Orcish Mines |   2313 |   2257 |     56 |    597 |    707 |   2 | 1156.5 |
       Volcano |    235 |    235 |      0 |     49 |      0 |   1 |  235.0 |
               +--------+--------+--------+--------+--------+-----+--------+

Top non-repeatable levels by time:
  Lair:5: 2478 daAuts
Spider:4: 2308 daAuts
    D:11: 2107 daAuts
Spider:2: 1677 daAuts
     D:9: 1591 daAuts
     D:7: 1564 daAuts
  Lair:3: 1561 daAuts
    D:14: 1528 daAuts
Spider:3: 1506 daAuts
  Lair:2: 1472 daAuts
    D:15: 1354 daAuts
    D:12: 1303 daAuts
   Orc:1: 1253 daAuts
    D:10: 1159 daAuts
     D:8: 1152 daAuts
